 Dungeon Crawl Stone Soup version 0.26-a0-191-g4694d0f (webtiles) character file.

Game seed: 4452656585235185316

3236 Kassire the Protected (level 9, -2/84 HPs)
             Began as a Minotaur Berserker on July 4, 2020.
             Was an Elder of Trog.
             Slain by a yak (9 damage)
             ... on level 6 of the Dungeon.
             The game lasted 00:34:53 (7001 turns).

Kassire the Protected (Minotaur Berserker)          Turns: 7001, Time: 00:34:54

Health: -2/84      AC: 17    Str: 24    XL:     9   Next: 66%
Magic:  8/8        EV:  8    Int:  4    God:    Trog [****..]
Gold:   756        SH:  0    Dex: 11    Spells: 8/8 levels left

rFire    . . .     SeeInvis .   B - +0 mace (drain)
rCold    . . .     Faith    .   (no shield)
rNeg     . . .     Spirit   .   n - +0 plate armour
rPois    .         Reflect  .   (helmet restricted)
rElec    .         Harm     .   E - +0 cloak
rCorr    .                      t - +0 pair of gloves
MR       ++...                  (no boots)
Stlth    ..........             (no amulet)
HPRegen  1.24/turn              (no ring)
MPRegen  0.11/turn              (no ring)

@: mighty, regenerating
A: retaliatory headbutt, horns 2
a: Berserk, Trog's Hand, Brothers in Arms, Renounce Religion


You were on level 6 of the Dungeon.
You worshipped Trog.
Trog was greatly pleased with you.
You were very hungry.

You visited 1 branch of the dungeon, and saw 7 of its levels.

You collected 756 gold pieces.

Inventory:

Hand Weapons
 a - a +0 mace
 f - a +2 quarterstaff of chaos
 B - a +0 mace of draining (weapon)
Missiles
 i - 56 poisoned darts
 k - 201 stones
 C - 6 boomerangs (quivered)
 I - 7 atropa-tipped darts
Armour
 b - a +0 animal skin
 n - a +0 plate armour (worn)
 t - a +0 pair of gloves (worn)
 E - a +0 cloak (worn)
Wands
 w - a wand of acid (3)
 x - a wand of polymorph (19)
 y - a wand of flame (20)
 G - a wand of random effects (17)
Scrolls
 e - 6 scrolls of teleportation {unknown}
 g - 2 scrolls of enchant armour {unknown}
 h - 4 scrolls of remove curse {unknown}
 m - 5 scrolls of immolation {unknown}
 o - a scroll of noise {unknown}
 s - 3 scrolls of fog {unknown}
 z - 4 scrolls of identify {unknown}
 A - 2 scrolls of amnesia {unknown}
 D - a scroll of enchant weapon {unknown}
 H - 2 scrolls of fear {unknown}
Potions
 d - 3 potions of might
 j - 3 potions of stabbing {unknown}
 l - a potion of brilliance {unknown}
 p - 2 potions of curing {unknown}
 q - 2 potions of flight {unknown}
 r - 2 potions of haste {unknown}
 u - 2 potions of heal wounds {unknown}
 v - a potion of berserk rage {unknown}
 J - a potion of degeneration {unknown}
Comestibles
 c - 8 rations


   Skills:
 * Level 9.5 Fighting
 + Level 9.2 Maces & Flails
 + Level 3.0 Throwing
 * Level 10.3 Armour
 - Level 2.1 Dodging
 + Level 1.0 Stealth
 + Level 0.4 Unarmed Combat


You had 8 spell levels left.
You didn't know any spells.
Your spell library was empty.

Dungeon Overview and Level Annotations

Branches:
Dungeon (7/15)             Temple (0/1) D:4

Altars:
Ashenzari
Cheibriados
Dithmenos
Fedhas
Gozag
Kikubaaqudgha
Makhleb
Qazlal
Vehumet
Wu Jian
Xom
Zin
The Shining One


Innate Abilities, Weirdness & Mutations

You reflexively headbutt those who attack you in melee.
You have a pair of horns on your head.


Message History

The yak barely misses you. The yak gores you but does no damage.
The yak gores you.
* * * LOW HITPOINT WARNING * * *
The yak barely misses you. You furiously retaliate!
You headbutt the yak!!
Unknown command.
You barely miss the yak. You headbutt the yak!!
The yak is almost dead.
The yak gores you.
* * * LOW HITPOINT WARNING * * *
The yak gores you but does no damage. x2; The yak barely misses you.
You furiously retaliate!
You headbutt the yak!
Unknown command.
You sock the yak!
You kill the yak!
Trog accepts your kill.
Your Throwing skill increases to level 3!
The yak gores you.
* * * LOW HITPOINT WARNING * * *
The yak gores you!
You die...

.## ###.###############.#
..#####..................##
#..##>...######....#####.#
##.......# ###.## #.#
#........## ##.# #.#
#....###..## #..# #.#
#...## ##..## ##.## ##.#
...## ##..###†Y# #..# ..##
##....Y@# #..###### .##
#....Y†## #..##...# .#
##.......#####....#### .#
#................## .###
#..#.......####..##
...#######..#......## ##..#
##................## ##.##
..................# #..#
.................## ##)##


You could see 3 yaks.

Vanquished Creatures
  Grinder (D:6)
  A slime creature (D:6)
  2 yaks (D:6)
  2 ice beasts (D:5)
  2 orc warriors (D:6)
  A sky beast (D:6)
  A phantom (D:4)
  5 ogres
  4 centaurs (D:5)
  2 big kobolds (D:6)
  A bullfrog (D:6)
  A scorpion (D:5)
  2 hounds
  4 jellies (D:6)
  An orc priest (D:4)
  Crazy Yiuf (D:4)
  Jessica (D:2)
  An iguana (D:6)
  9 orc wizards
  8 worker ants
  A hound zombie (D:5)
  Robin (D:3)
  4 adders
  3 gnolls (D:3)
  A shadow imp (D:6)
  2 white imps
  2 ufetubi (D:5)
  5 oozes
  An adder skeleton (D:5)
  4 worms
  A dart slug (D:1)
  5 leopard geckos
  23 orcs
  8 bats
  6 giant cockroaches
  9 hobgoblins
  14 jackals
  A frilled lizard (D:3)
  10 goblins
  A jackal zombie (D:6)
  9 kobolds
  A quokka zombie (D:5)
  4 rats
166 creatures vanquished.

Vanquished Creatures (others)
  A fungus (D:6)
  12 toadstools (D:6)
13 creatures vanquished.

Grand Total: 179 creatures vanquished

Notes
Turn   | Place    | Note
-------+----------+-------------------------------------------
     0 | D:1      | Kassire the Minotaur Berserker began the quest for the Orb.
     0 | D:1      | Reached XP level 1. HP: 19/19 MP: 0/0
   292 | D:1      | Reached XP level 2. HP: 27/27 MP: 1/1
   655 | D:1      | You fall into a shaft and drop 1 floor!
   677 | D:2      | Reached XP level 3. HP: 22/34 MP: 2/2
  1182 | D:1      | Reached ** piety under Trog
  1321 | D:2      | Found a radiant altar of Vehumet.
  1349 | D:2      | Reached XP level 4. HP: 41/41 MP: 3/3
  1384 | D:2      | Found an ancient bone altar of Kikubaaqudgha.
  1420 | D:2      | Found a blossoming altar of Fedhas.
  1424 | D:2      | Reached skill level 5 in Maces & Flails
  1579 | D:2      | Reached skill level 5 in Fighting
  1585 | D:2      | Found a snail-covered altar of Cheibriados.
  1610 | D:2      | Found an ornate altar of the Wu Jian Council.
  1612 | D:2      | Found a glowing golden altar of the Shining One.
  1613 | D:2      | Found an opulent altar of Gozag.
  1686 | D:2      | Noticed Jessica
  1695 | D:2      | Killed Jessica
  1695 | D:2      | Reached skill level 3 in Armour
  1710 | D:2      | Found a shadowy altar of Dithmenos.
  2016 | D:3      | Found a stormy altar of Qazlal.
  2234 | D:3      | Found a burning altar of Makhleb.
  2234 | D:3      | Noticed a balrug
  2235 | D:3      | Found a glowing silver altar of Zin.
  2235 | D:3      | Noticed an angel
  2279 | D:3      | Reached XP level 5. HP: 42/48 MP: 4/4
  2405 | D:3      | Found a shimmering altar of Xom.
  2439 | D:3      | Found a shattered altar of Ashenzari.
  2525 | D:3      | Noticed Robin
  2543 | D:3      | Killed Robin
  2980 | D:3      | Reached *** piety under Trog
  2981 | D:3      | Reached skill level 4 in Armour
  2981 | D:3      | Reached XP level 6. HP: 55/56 MP: 5/5
  3128 | D:4      | Reached skill level 1 in Throwing
  3275 | D:3      | Reached skill level 5 in Armour
  3509 | D:4      | Found a staircase to the Ecumenical Temple.
  3611 | D:4      | Reached XP level 7. HP: 47/64 MP: 6/6
  3945 | D:4      | Found a runed translucent door.
  3946 | D:4      | Noticed Crazy Yiuf
  3953 | D:4      | Killed Crazy Yiuf
  4006 | D:5      | Entered Level 5 of the Dungeon
  4149 | D:5      | Reached skill level 6 in Armour
  4823 | D:5      | Reached XP level 8. HP: 72/73 MP: 7/7
  4827 | D:5      | Reached skill level 7 in Armour
  4930 | D:5      | Reached skill level 8 in Armour
  5216 | D:5      | Reached **** piety under Trog
  5399 | D:6      | Noticed Grinder
  5400 | D:6      | Reached skill level 9 in Armour
  5414 | D:6      | Killed Grinder
  5414 | D:6      | Reached XP level 9. HP: 54/82 MP: 8/8
  6996 | D:6      | Reached skill level 10 in Armour
  6996 | D:6      | Reached skill level 1 in Stealth
  7001 | D:6      | Slain by a yak

Illustrated notes

Levels and vault maps discovered:
D:1:      matt_arrival_diagonals, layout_basic
D:2:      layout_loops_ring, grunt_temple_overflow_growth_and_decay,
          nicolae_dithmenos_through_a_glass_darkly, grunt_temple_overflow_open,
          minmay_misc_feat_rows, uniq_jessica
D:3:      layout_loops_ring, grunt_temple_overflow_order_and_chaos_2,
          ashenzari_altar_1, nicolae_qazlal_general_emergency,
          lemuel_doored_altar, first_ration, uniq_robin
D:4:      layout_cave_pools, temple_pool_b, uniq_crazy_yiuf_cottage
D:5:      minmay_polygon_palace, layout_rooms, hangedman_decor_peaks_small,
          kennysheep_generic_room_6
D:6:      cheibrodos_fertilizer, layout_layer_cave, uniq_grinder
D:7:      layout_loops_ring, serial_shops, shop

Skill      XL: |  1  2  3  4  5  6  7  8  9 |
---------------+----------------------------+-----
Maces & Flails | 4 5 6 8 9 |  9.2
Fighting       | 4 5 6 7 8 9 |  9.5
Armour         | 3 4 5 6 9 10 | 10.3
Throwing       | 1 2 3 |  3.0
Stealth        | 1 |  1.0
Dodging        | |  2.1
Unarmed Combat | |  0.4

Action                   |  1- 3 |  4- 6 |  7- 9 || total
-------------------------+-------+-------+-------++-------
Melee: Mace              |    64 |   167 |   255 ||   486
       Headbutt          |     5 |    29 |    55 ||    89
       Unarmed           |       |       |     2 ||     2
Throw: Stone             |     3 |    10 |       ||    13
       Dart              |       |    11 |     8 ||    19
       Boomerang         |       |       |    15 ||    15
Invok: Trog's Hand       |       |     1 |     2 ||     3
       Berserk           |       |     1 |     1 ||     2
Evoke: Wand              |       |     1 |     1 ||     2
  Use: Potion            |       |       |     2 ||     2
  Eat: Chunk             |     1 |     9 |    11 ||    21
Armor: Animal skin       |     7 |       |       ||     7
       Plate armour      |    20 |   154 |   174 ||   348
Dodge: Dodged            |    39 |    55 |   117 ||   211

Table legend:
 A = Non-vault XP
 B = Vault XP
 C = Vault XP percentage of total XP
 D = Non-vault monster count
 E = Vault monster count
 F = Vault count percentage of total count
                 A         B        C        D         E       F
            +---------+---------+-------+---------+---------+-------
      Total |    2589 |    2035 |  44.0 |     121 |      45 |  27.1
            +---------+---------+-------+---------+---------+-------
        D:1 |      40 |       0 |   0.0 |      19 |       0 |   0.0
        D:2 |     108 |      37 |  25.5 |      15 |       1 |   6.2
        D:3 |     257 |      26 |   9.2 |      20 |       7 |  25.9
        D:4 |     386 |      39 |   9.2 |      25 |       1 |   3.8
        D:5 |     468 |     985 |  67.8 |      17 |      20 |  54.1
        D:6 |    1330 |     948 |  41.6 |      25 |      16 |  39.0
            +---------+---------+-------+---------+---------+-------
